 Dungeon Crawl Stone Soup version 0.18-a0-1229-ge9a1a01 (webtiles) character file.

3090 Psiweapon the Grave Robber (level 9, -7/74 HPs)
             Began as a Deep Dwarf Necromancer on Feb 4, 2016.
             Mangled by a chaos spawn (16 damage)
             ... on level 2 of the Abyss.
             The game lasted 00:48:48 (8088 turns).

Psiweapon the Grave Robber (Deep Dwarf Necromancer) Turns: 8088, Time: 00:48:48

Health: -7/74      AC: 10    Str: 13    XL:     9   Next: 59%
Magic:  16/16      EV: 14    Int: 18    God:
Gold:   415        SH:  5    Dex: 13    Spells: 4 memorised, 12 levels left

rFire  + . .     SeeInvis .     X - +2 trident (freeze)
rCold  . . .     Gourm    .     g - +2 leather armour {rC+}
rNeg   . . .     Faith    .     H - +0 buckler
rPois  .         Spirit   .     j - +0 helmet
rElec  .         Dismiss  .     p - +0 cloak
rCorr  .         Reflect  .     (no gloves)
SustAt .         Harm     .     V - +0 pair of boots
MR     +....                    M - amulet of rage
Stlth  +++.......               S - +2 ring of protection
                                K - ring of fire

@: non-regenerating, mildly diseased, somewhat resistant to hostile
enchantments, fairly stealthy
A: damage resistance, recharge devices, sense surroundings 2, slow regeneration
3
a: Device Recharging, Evoke Berserk Rage


You were on level 2 of the Abyss.
You were hungry.

You visited 2 branches of the dungeon, and saw 9 of its levels.
You visited the Abyss 1 time.
You also visited: Ossuary.

You collected 415 gold pieces.

Inventory:

Hand Weapons
 f - a +0 morningstar
 w - a +0 hunting sling
 C - a +0 blowgun
 E - a +0 war axe
 F - a +2 spear of piercing
 X - a +2 trident of freezing (weapon)
Missiles
 e - 209 stones (quivered)
 k - 69 sling bullets
 l - 24 bolts
 D - 34 poisoned needles
 I - 3 needles of confusion
 Q - 9 silver bolts
 T - 4 curare-tipped needles
Armour
 a - a +0 robe
 g - a +2 leather armour of cold resistance (worn)
 j - a +0 helmet (worn)
 p - a +0 cloak (worn)
 H - a +0 buckler (worn)
 J - a +0 shield
 V - a +0 pair of boots (worn)
Jewellery
 K - a ring of fire (left hand)
 M - an amulet of rage (around neck)
 S - a +2 ring of protection (right hand)
Wands
 c - a wand of heal wounds (2/9)
 t - a wand of flame (27/48)
 W - a wand of random effects (17/48)
Scrolls
 h - a scroll of fog {unknown}
 n - 3 scrolls of fear
 q - a scroll of magic mapping
 r - a scroll of blinking
 v - 3 scrolls of remove curse
 y - 3 scrolls of amnesia
 U - a scroll of random uselessness {unknown}
 Y - a scroll of teleportation
Potions
 i - 5 potions of agility {unknown}
 m - 2 potions of curing {unknown}
 s - 2 potions of resistance {unknown}
 u - a potion of might {unknown}
 x - 3 potions of heal wounds
 A - 2 potions of mutation {unknown}
 B - 5 potions of flight
 G - 2 potions of invisibility
 N - 2 potions of poison {unknown}
 O - 2 potions of lignification
 Z - a potion of brilliance {unknown}
Books
 b - a book of Necromancy

   Spells                             Type                      Level
   a - Pain                           Necromancy                   1
   b - Animate Skeleton               Necromancy                   1
   c - Vampiric Draining              Necromancy                   3
   d - Regeneration                   Charms/Necromancy            3
   e - Animate Dead                   Necromancy                   4
   f - Control Undead                 Necromancy                   4
Miscellaneous
 P - a plain deck of escape {drawn: 4}
Comestibles
 d - 7 bread rations
 o - 24 fruits
 L - 2 meat rations
 R - a beef jerky


   Skills:
 + Level 2.7 Fighting
 + Level 2.9 Polearms
 + Level 1.3(1.7) Slings
 + Level 1.1(1.4) Throwing
 + Level 1.2 Armour
 + Level 6.3 Dodging
 - Level 5.0 Stealth
 * Level 4.0 Shields
 + Level 0.1 Unarmed Combat
 + Level 6.6 Spellcasting
 - Level 7.7 Necromancy
 + Level 1.3 Evocations


You had 12 spell levels left.
You knew the following spells:

 Your Spells              Type           Power        Failure   Level  Hunger
a - Pain                  Necr           ####         1%          1    None
b - Animate Skeleton      Necr           N/A          1%          1    None
c - Vampiric Draining     Necr           ####......   1%          3    ##.....
d - Control Undead        Necr           ####......   10%         4    ####...


Dungeon Overview and Level Annotations

Branches:
Dungeon (8/15)             Temple (1/1) D:5
   Lair: D:8-11

Altars:
Ashenzari
Cheibriados
Dithmenos
Elyvilon
Fedhas
Kikubaaqudgha
Nemelex Xobeh
Okawaru
Pakellas
Qazlal
Ru
Sif Muna
Trog
Vehumet
Xom
Yredelemnul
Zin
The Shining One

Annotations:
D:2 Robin
D:3 1 exclusion
D:5 MrRokkomies's ghost, novice OpCj
D:6 Psiweapon's ghost, novice OgHu
D:7 exclusion: downstairs
D:8 Psyche


Innate Abilities, Weirdness & Mutations

You are resistant to damage.
You can recharge devices by infusing magical energy.
You passively map the area around you.
You do not regenerate naturally.


Message History

T - 4 curare-tipped needles (gained 3)
A raiju comes into view.
A chaos spawn comes into view.
The chaos spawn trumpets!
The chaos spawn moves out of view.
Found 27 stones.
A raiju comes into view.
A vampire comes into view.
A chaos spawn comes into view.
The chaos spawn grows dozens of eye stalks in order to get a better look at you.
Your magical contamination has completely faded away.
You are feeling hungry.
Evoke which item? (* to show all) (? for menu, Esc to quit)
Okay, then.
Charge which item? (? for menu, Esc to quit)
Your wand of heal wounds (0/9) glows for a moment and now has 2 charges.
The chaos spawn gores you!
* * * LOW HITPOINT WARNING * * *
The chaos spawn freezes you!
You die...

≈.≈≈≈#......#..
≈≈≈≈≈....#..#.#
###≈ ##.###.#.#
.'≈. #.. ..#.#
## ≈ #..V..V.#
§§ ##....#.# ≈.
#....#.#
#.#..#3#
###..#@# ####.#
... ..#.. .#.
.## #.## ## #


You could see a chaos spawn and a vampire.

Vanquished Creatures
  An ancient zyme (Abyss:2)
  A small abomination (Abyss:2)
  A hippogriff (D:7)
  Duvessa (D:6)
  A sky beast (D:5)
  3 ogres
  2 phantoms
  A centaur (D:5)
  The ghost of Herrn the Vexing, an amateur FoEn (D:3)
  Blork the orc (D:4)
  2 big kobolds (D:8)
  4 giant frogs
  2 water moccasin zombies (Ossuary)
  3 scorpions
  Dowan (D:6)
  5 wights (D:7)
  4 crimson imps
  A giant frog zombie (D:5)
  2 hounds (D:6)
  A jelly (D:6)
  4 orc priests
  2 giant frog skeletons
  3 iguanas
  3 worker ants
  3 big kobold zombies (Ossuary)
  A hound skeleton (D:8)
  A mummy (Ossuary)
  A worker ant zombie (D:8)
  4 gnolls (D:3)
  5 adders
  2 oozes
  3 adder zombies (Ossuary)
  2 worms
  5 giant geckos
  16 orcs
  5 giant cockroaches
  3 gnoll zombies (Ossuary)
  15 goblins
  13 hobgoblins
  5 jackals
  6 quokkas
  9 bats
  A giant gecko zombie (D:5)
  A giant newt (D:3)
  4 hobgoblin zombies
  15 kobolds
  7 kobold zombies (Ossuary)
  4 orc zombies (Ossuary)
  6 rats
187 creatures vanquished.

Vanquished Creatures (collateral kills)
  A crimson imp (D:6)
  A big kobold zombie (Ossuary)
  A mummy (Ossuary)
  A worker ant zombie (D:8)
  A shadow imp (D:7)
  An ooze (D:6)
  An adder skeleton (D:6)
  A worm (D:3)
  2 orcs
  A hobgoblin (D:1)
  4 jackals
  A kobold (D:2)
  2 orc zombies (Ossuary)
  A rat (D:3)
19 creatures vanquished.

Vanquished Creatures (others)
  A wolf spider (D:4)
  A hobgoblin zombie (Ossuary)
2 creatures vanquished.

Grand Total: 208 creatures vanquished

Notes
Turn   | Place    | Note
--------------------------------------------------------------
     0 | D:1      | Psiweapon the Deep Dwarf Necromancer began the quest for the Orb.
     0 | D:1      | Reached XP level 1. HP: 15/15 MP: 3/3
    41 | D:1      | Learned a level 1 spell: Animate Skeleton
   302 | D:1      | Reached XP level 2. HP: 7/22 MP: 2/4
   678 | D:2      | Noticed Robin
   700 | D:2      | Reached XP level 3. HP: 20/28 MP: 1/6
   783 | D:1      | Learned a level 3 spell: Vampiric Draining
   859 | D:1      | Reached skill level 5 in Necromancy
  1824 | D:2      | Reached XP level 4. HP: 24/36 MP: 4/8
  2378 | D:3      | Noticed Herrn's ghost (amateur FoEn)
  2417 | D:3      | Killed Herrn's ghost
  2417 | D:3      | Reached XP level 5. HP: 38/43 MP: 9/9
  2737 | D:3      | Noticed a moth of wrath
  2740 | D:3      | Found a bloodstained altar of Trog.
  3052 | D:3      | Found a white marble altar of Elyvilon.
  3152 | D:4      | Noticed an ogre
  3158 | D:4      | Killed an ogre
  3158 | D:4      | Reached XP level 6. HP: 15/50 MP: 1/11
  3344 | D:4      | Found a stormy altar of Qazlal.
  3504 | D:4      | Found an oddly glowing altar of Pakellas.
  3504 | D:4      | Noticed a wolf spider
  3522 | D:4      | Killed a wolf spider
  3810 | D:4      | Reached skill level 1 in Fighting
  3963 | D:4      | Reached skill level 6 in Necromancy
  4044 | D:4      | Noticed Blork the orc
  4056 | D:4      | Killed Blork the orc
  4056 | D:4      | Reached XP level 7. HP: 32/57 MP: 2/13
  4294 | D:5      | Entered Level 5 of the Dungeon
  4444 | D:5      | Found a sand-covered staircase.
  4455 | Ossuary  | Entered an ossuary
  4463 | Ossuary  | Learned a level 4 spell: Control Undead
  4654 | Ossuary  | Reached skill level 1 in Polearms
  4833 | D:5      | Reached skill level 1 in Shields
  4972 | D:5      | Reached XP level 8. HP: 18/67 MP: 4/13
  5279 | D:5      | Found a staircase to the Ecumenical Temple.
  5288 | Temple   | Entered the Ecumenical Temple
  5437 | D:5      | Found a blossoming altar of Fedhas.
  5442 | D:5      | Found an ancient bone altar of Kikubaaqudgha.
  5442 | D:5      | Found a glowing silver altar of Zin.
  5442 | D:5      | Found a sacrificial altar of Ru.
  5444 | D:5      | Found a shimmering altar of Xom.
  5452 | D:5      | Found a bloodstained altar of Trog.
  5452 | D:5      | Found a radiant altar of Vehumet.
  5460 | D:5      | Gained mutation: You are weak. (Str -2) [mutagenic meat]
  5461 | D:5      | Lost mutation: You are weak. (Str -2) [mutagenic meat]
  5559 | D:5      | Reached skill level 5 in Spellcasting
  5576 | D:5      | Noticed MrRokkomies's ghost (novice OpCj)
  5593 | D:5      | Found a basalt altar of Yredelemnul.
  5637 | D:7      | Found a sparkling altar of Nemelex Xobeh.
  5711 | D:6      | Reached skill level 7 in Necromancy
  5739 | D:6      | Reached skill level 5 in Dodging
  5753 | D:6      | Noticed Dowan
  5766 | D:6      | Killed Dowan
  5769 | D:6      | Noticed Duvessa
  5782 | D:6      | Killed Duvessa
  5782 | D:6      | Reached skill level 5 in Stealth
  5949 | D:6      | Reached skill level 1 in Throwing
  6173 | D:6      | Noticed Psiweapon's ghost (novice OgHu)
  6559 | D:7      | Gained mutation: You passively map the area around you. [Deep Dwarf growth]
  6559 | D:7      | Reached XP level 9. HP: 33/73 MP: 1/16
  7099 | D:7      | Reached skill level 1 in Evocations
  7552 | D:8      | Reached skill level 1 in Slings
  7888 | D:8      | Noticed Psyche
  7895 | D:8      | Cast into level 2 of the Abyss (Psyche)
  7979 | Abyss:2  | Noticed a wretched star
  7992 | Abyss:2  | Noticed an ancient zyme
  8002 | Abyss:2  | Killed an ancient zyme
  8024 | Abyss:2  | HP: 3/74 [small abomination (8)]
  8037 | Abyss:2  | HP: 1/74 [small abomination (13)]
  8043 | Abyss:2  | Reached skill level 1 in Armour
  8088 | Abyss:2  | Mangled by a chaos spawn

Vault maps used:
D:1:      minmay_arrival_floating_metal, minmay_misc_feat_alley,
          kennysheep_small_spiral
D:2:      first_bread, minmay_misc_feat_nine_boxes, uniq_robin
D:3:      lemuel_coloured_pillars_altar, tgw_trog
D:4:      grunt_qazlal_sundering, lightli_sewer_entry_pipes,
          gammafunk_pakellas_cloud_experiment, uniq_blork_the_orc
D:5:      lemuel_zombie_altar_yredelemnul, kennysheep_mini,
          grunt_temple_overflow_open, minmay_temple_entry_large_hall,
          enter_ossuary_3, nrook_mini_vaults
D:6:      uniq_duvessa, uniq_crazy_yiuf_cottage
D:7:      nemelex_deck
D:8:      bloody_makhleb, blue_anna_alchemist, fountainhead, st_stairs_9,
          uniq_grum, uniq_psyche
Temple:   nicolae_temple_great_sept
Ossuary:  ossuary_tomb_2

Action                   |  1- 3 |  4- 6 |  7- 9 || total
-------------------------+-------+-------+-------++-------
Melee: Dagger            |    69 |    25 |       ||    94
       Unarmed           |     1 |       |       ||     1
       Spear             |       |   110 |   313 ||   423
       Trident           |       |       |    84 ||    84
       War axe           |       |       |     6 ||     6
 Fire: Hunting sling     |       |    10 |    11 ||    21
       Blowgun           |       |     5 |     8 ||    13
 Cast: Pain              |    53 |    20 |    26 ||    99
       Animate Skeleton  |    15 |    13 |    26 ||    54
       Vampiric Draining |     3 |    17 |    60 ||    80
       Control Undead    |       |       |     4 ||     4
 Abil: Device Recharging |       |       |     2 ||     2
Evoke: Wand              |     2 |     2 |    11 ||    15
       Deck              |       |       |     4 ||     4
  Use: Scroll            |       |     3 |    12 ||    15
       Potion            |       |     1 |     1 ||     2
 Stab: Sleeping          |     4 |    11 |    17 ||    32
       Distracted        |       |       |     2 ||     2
  Eat: Chunk             |     3 |     8 |    15 ||    26
       Beef jerky        |     1 |       |     1 ||     2
       Pizza             |       |     1 |       ||     1
       Fruit             |       |       |     4 ||     4
